 Dungeon Sprint DCSS version 0.17.2-1-ge4368a0 (webtiles) character file.

410 mopl the Covert (level 6, -5/45 HPs)
             Began as a Spriggan Assassin on Aug 23, 2016.
             Was a Follower of Trog.
             Slain by a killer bee (8 damage)
             ... in the Dungeon (Sprint IV: "Fedhas' Mad Dash").
             The game lasted 00:01:16 (167 turns).

mopl the Covert (Spriggan Assassin)                  Turns: 167, Time: 00:01:16

Health: -5/45      AC:  3    Str: 12    XL:     6   Next: 58%
Magic:  9/12       EV: 17    Int: 13    God:    Trog [*.....]
Gold:   59         SH:  0    Dex: 19    Spells: 0 memorised, 5 levels left

rFire  . . .     SeeInvis +     a - +2 dagger
rCold  . . .     Clarity  .     c - +0 robe
rNeg   . . .     SustAt   .     (shield restricted)
rPois  .         Gourm    .     (helmet restricted)
rElec  .         Spirit   .     d - +0 cloak
rCorr  .         Warding  .     (gloves unavailable)
rMut   .         NoTele   +     (boots unavailable)
MR     +....                    (no amulet)
Stlth  ..........               (no ring)
                                o - ring of invisibility

@: berserking, very slightly contaminated, invisible, very quick, somewhat
resistant to hostile enchantments, extremely unstealthy
A: unfitting armour, see invisible, herbivore 3, speed 3, slow metabolism 2
a: Berserk, Burn Spellbooks, Renounce Religion, Turn Visible


You were in the Dungeon.
You worshipped Trog.
Trog was aware of your devotion.
You were not hungry.

You visited 1 branch You collected 59 gold pieces.

Inventory:

Hand Weapons
 a - a +2 dagger (weapon)
 b - a +0 blowgun
Missiles
 e - 8 poisoned needles
 f - 2 curare-tipped needles
Armour
 c - a +0 robe (worn)
 d - a +0 cloak (worn)
Jewellery
 o - a ring of invisibility (left hand)
Scrolls
 m - a scroll of blinking
 n - a scroll of magic mapping {unknown}
Potions
 i - a potion of heal wounds
 j - a potion of haste
 k - 2 potions of magic
 l - a potion of berserk rage {!q}
 p - a potion of brilliance {unknown}
Comestibles
 g - a bread ration


   Skills:
 - Level 1.5 Fighting
 - Level 2.1 Short Blades
 * Level 10.7 Throwing
 - Level 1.5 Dodging
 + Level 12.5 Stealth
 + Level 7.7 Evocations


You had 5 spell levels left.
You didn't know any spells.

Dungeon Overview and Level Annotations

Branches:
Dungeon (1/1)

Altars:
Cheibriados
Dithmenos
Elyvilon
Gozag
Kikubaaqudgha
Makhleb
Nemelex Xobeh
Okawaru
Qazlal
Ru
Sif Muna
Trog
Vehumet
Xom
Yredelemnul
Zin
The Shining One
Beogh
Jiyva
Lugonu


Innate Abilities, Weirdness & Mutations

You are tiny and cannot use many weapons and most armour.
You have supernaturally acute eyesight.
You are a herbivore.
You cover ground extremely quickly.
You need consume almost no food.


Message History

You are more poisoned.
The killer bee poisons you! The killer bee misses you.
The killer bee closely misses you. The killer bee stings you.
* * * LOW HITPOINT WARNING * * *
You are more poisoned.
The killer bee poisons you!
You are too injured to fight recklessly!
Drink which item? (? for menu, Esc to quit)
You feel better. The killer bee barely misses you. The killer bee misses you.
The killer bee closely misses you. The killer bee completely misses you.
The killer bee misses you. The killer bee completely misses you.
A red film seems to cover your vision as you go berserk!
You feel yourself moving faster!
You feel mighty!
You feel somewhat more hungry. The killer bee stings you.
* * * LOW HITPOINT WARNING * * *
The killer bee stings you!
* * * LOW HITPOINT WARNING * * *
The killer bee closely misses you. The killer bee completely misses you.
The killer bee stings you!
You die...

####################
#<..P#....†#.....#.⌠
#PP..'.....'.#.[.'._
#PPPP#.....#.#†..#_.
###############'##._
#..y♣........'...#.⌠
#%y@...♣.....#$.$###
#.y...♣..♣..######
##+####+#####


You could see 3 killer bees.

Vanquished Creatures
  A queen bee (D)
  A killer bee (D)
  4 oklob saplings (D)
  A worker ant (D)
  A river rat (D)
  A rat (D)
9 creatures vanquished.

Notes
Turn   | Place    | Note
--------------------------------------------------------------
     0 | D        | mopl the Spriggan Assassin began the quest for the Orb.
     0 | D        | Reached XP level 1. HP: 10/10 MP: 2/2
    10 | D        | Reached skill level 3 in Throwing
    10 | D        | Reached skill level 6 in Stealth
    10 | D        | Reached XP level 2. HP: 14/14 MP: 3/3
    14 | D        | Reached skill level 4 in Throwing
    22 | D        | Noticed an oklob sapling
    23 | D        | Killed an oklob sapling
    23 | D        | Reached skill level 5 in Throwing
    23 | D        | Reached skill level 8 in Stealth
    23 | D        | Reached XP level 3. HP: 18/18 MP: 4/4
    25 | D        | Noticed a worker ant
    27 | D        | Killed a worker ant
    27 | D        | Reached skill level 6 in Throwing
    44 | D        | Found a snail-covered altar of Cheibriados.
    44 | D        | Found a glowing silver altar of Zin.
    44 | D        | Found a white marble altar of Elyvilon.
    44 | D        | Found a viscous altar of Jiyva.
    44 | D        | Found a radiant altar of Vehumet.
    44 | D        | Found a deep blue altar of Sif Muna.
    44 | D        | Found an ancient bone altar of Kikubaaqudgha.
    44 | D        | Found a bloodstained altar of Trog.
    44 | D        | Found a corrupted altar of Lugonu.
    44 | D        | Noticed an oklob sapling priest
    45 | D        | Found a burning altar of Makhleb.
    45 | D        | Found a sacrificial altar of Ru.
    46 | D        | Found a glowing golden altar of the Shining One.
    46 | D        | Found a sparkling altar of Nemelex Xobeh.
    47 | D        | Found a shadowy altar of Dithmenos.
    48 | D        | Found a shimmering altar of Xom.
    48 | D        | Found an iron altar of Okawaru.
    49 | D        | Found an opulent altar of Gozag.
    50 | D        | Became a worshipper of Trog the Wrathful
    51 | D        | Found a roughly hewn altar of Beogh.
    51 | D        | Found a basalt altar of Yredelemnul.
    52 | D        | Killed an oklob sapling priest
    52 | D        | Reached skill level 7 in Throwing
    52 | D        | Reached skill level 9 in Stealth
    52 | D        | Reached skill level 3 in Evocations
    52 | D        | Reached XP level 4. HP: 22/22 MP: 2/7
    53 | D        | Found a stormy altar of Qazlal.
    62 | D        | Noticed an oklob sapling wizard
    65 | D        | Killed an oklob sapling wizard
    65 | D        | Reached skill level 8 in Throwing
    65 | D        | Reached skill level 10 in Stealth
    65 | D        | Reached skill level 4 in Evocations
    65 | D        | Reached XP level 5. HP: 25/25 MP: 3/9
    97 | D        | Noticed an oklob sapling
   149 | D        | Killed an oklob sapling
   155 | D        | Noticed a queen bee
   155 | D        | Noticed a killer bee
   156 | D        | Noticed a killer bee
   159 | D        | Noticed a killer bee
   159 | D        | Noticed a killer bee
   163 | D        | Killed a queen bee
   163 | D        | Reached skill level 10 in Throwing
   163 | D        | Reached skill level 12 in Stealth
   163 | D        | Reached skill level 7 in Evocations
   163 | D        | Reached XP level 6. HP: 30/30 MP: 8/12
   165 | D        | Killed a killer bee
   165 | D        | Reached * piety under Trog
   167 | D        | Slain by a killer bee

Action                   |  1- 3 |  4- 6 || total
-------------------------+-------+-------++-------
Melee: Dagger            |     6 |     7 ||    13
 Fire: Blowgun           |     1 |       ||     1
Invok: Berserk           |       |     1 ||     1
 Abil: Evoke Invisibilit |     1 |     1 ||     2
  Use: Potion            |       |     1 ||     1
 Stab: Sleeping          |     4 |     1 ||     5
       Invisible         |       |     4 ||     4
